 Dungeon Crawl Stone Soup version 0.22-a0-373-gab1296c (webtiles) character file.

130 Amnesiac the Skirmisher (level 4, -4/35 HPs)
             Began as a Mummy Fighter on Apr 25, 2018.
             Killed from afar by an orc wizard (10 damage)
             ... with a magic dart
             ... on level 3 of the Dungeon.
             The game lasted 00:03:15 (2663 turns).

Amnesiac the Skirmisher (Mummy Fighter)             Turns: 2663, Time: 00:03:16

Health: -4/35      AC:  7    Str: 20    XL:     4   Next: 89%
Magic:  4/4        EV:  8    Int:  7    God:
Gold:   172        SH:  8    Dex: 11    Spells: 3/3 levels left

rFire    x . .     SeeInvis .   a - +0 long sword
rCold    + . .     Gourm    .   c - +0 shield
rNeg     + + +     Faith    .   d - +0 scale mail
rPois    ∞         Spirit   .   (no helmet)
rElec    .         Reflect  .   (no cloak)
rCorr    .         Harm     .   i - +0 pair of gloves (curse)
MR       .....                  (no boots)
Stlth    ..........             (no amulet)
HPRegen  0.11/turn              (no ring)
MPRegen  0.09/turn              (no ring)

@: no status effects
A: no food or potions, fire vulnerability, cold resistance 1, negative energy
resistance 3, torment resistance, unbreathing
a: no special abilities


You were on level 3 of the Dungeon.
You were not hungry.

You visited 1 branch of the dungeon, and saw 3 of its levels.

You collected 172 gold pieces.

Inventory:

Hand Weapons
 a - a +0 long sword (weapon)
 b - a +0 hunting sling
Missiles
 e - 58 stones (quivered)
Armour
 c - a +0 shield (worn)
 d - a +0 scale mail (worn)
 i - a cursed +0 pair of gloves (worn)
Scrolls
 f - 3 scrolls of remove curse {!r}
 g - 2 scrolls of immolation {!r}
 h - a scroll of identify {!r}
 j - a scroll of enchant armour {!r}


   Skills:
 - Level 3.0 Fighting
 - Level 2.0 Long Blades
 + Level 2.3 Slings
 - Level 2.4 Armour
 - Level 2.4 Dodging
 - Level 2.4 Shields


You had 3 spell levels left.
You didn't know any spells.

Dungeon Overview and Level Annotations

Branches:
Dungeon (3/15)

Altars:
Hepliaklqana

Annotations:
D:3 Natasha; Terence; Totori's ghost, amateur HaGl


Innate Abilities, Weirdness & Mutations

You do not eat or drink.
Your flesh is vulnerable to fire.
You are immune to poison.
Your flesh is cold resistant. (rC+)
You are immune to negative energy. (rN+++)
You are immune to unholy pain and torment.
You can survive without breathing.


Message History

There is a stone staircase leading up here.
The orc wizard shouts!
The orc wizard is too close now for your liking.
An orc wizard is nearby!
The orc wizard drinks a potion.
The orc wizard seems to grow stronger.
An orc wizard is nearby!
The orc wizard hits you with a dagger.
You barely miss the orc wizard. The orc wizard hits you with a dagger!
You block the orc wizard's attack.
You completely miss the orc wizard. The orc wizard hits you with a dagger.
You hit the orc wizard but do no damage.
The orc wizard barely misses you.
You riposte.
You barely miss the orc wizard. You barely miss the orc wizard.
The orc wizard casts a spell at you. The magic dart hits you!
You block the orc wizard's attack.
You hit the orc wizard.
The orc wizard is lightly wounded.
The orc wizard gestures at you while chanting.
The magic dart hits you!
* * * LOW HITPOINT WARNING * * *
You hit the orc wizard but do no damage.
The orc wizard is lightly wounded.
The orc wizard points at you and mumbles some strange words.
The magic dart hits you!
* * * LOW HITPOINT WARNING * * *
You closely miss the orc wizard.
The orc wizard is lightly wounded.
The orc wizard mumbles some strange words.
The orc wizard seems to speed up.
The orc wizard hits you with a dagger.
* * * LOW HITPOINT WARNING * * *
Your shield and scale mail prevent you from hitting the orc wizard.
The orc wizard is lightly wounded.
You block the orc wizard's attack. The orc wizard hits you with a dagger.
* * * LOW HITPOINT WARNING * * *
You hit the orc wizard.
The orc wizard is heavily wounded.
You block the orc wizard's attack. The orc wizard closely misses you.
You closely miss the orc wizard.
The orc wizard is heavily wounded.
The orc wizard hits you but does no damage.
The orc wizard gestures at you while chanting.
The magic dart hits you!
* * * LOW HITPOINT WARNING * * *
You are too injured to fight recklessly!
You are too injured to fight recklessly!
You are too injured to fight recklessly!
You are too injured to fight recklessly!
You closely miss the orc wizard.
The orc wizard is heavily wounded.
The orc wizard mumbles some strange words.
The orc wizard blinks!
You aren't carrying any items that you can evoke.
Okay, then.
You closely miss the orc wizard.
The orc wizard is heavily wounded.
The orc wizard hits you but does no damage.
The orc wizard hits you with a dagger.
* * * LOW HITPOINT WARNING * * *
Your shield prevents you from hitting the orc wizard.
The orc wizard is heavily wounded.
The orc wizard no longer looks unusually strong.
The orc wizard points at you and mumbles some strange words.
The magic dart hits you!
You die...

###############
#..............
##########.....(......##
.......@o....########.##
###########.............
#..........#########.##
#.#######...########.##
#.# #................##
#.# #.###...########.##
#.# #.# ##.## #.##
###########.###.# #.#
###.## ................#
#.# #.....


You could see an orc wizard.

Vanquished Creatures
  An orc priest (D:3)
  3 adders (D:2)
  A worm (D:2)
  3 dart slugs
  A leopard gecko (D:1)
  5 orcs
  A ball python (D:2)
  3 giant cockroaches
  7 hobgoblins
  5 kobolds
  2 quokkas (D:2)
  9 bats
  5 frilled lizards
  3 goblins
  10 rats
59 creatures vanquished.

Notes
Turn   | Place    | Note
-------+----------+-------------------------------------------
     0 | D:1      | Amnesiac the Mummy Fighter began the quest for the Orb.
     0 | D:1      | Reached XP level 1. HP: 18/18 MP: 1/1
    83 | D:1      | Reached XP level 2. HP: 21/24 MP: 2/2
   137 | D:1      | Reached skill level 1 in Dodging
   199 | D:1      | You fall through a shaft!
   231 | D:2      | Found a hazy altar of Hepliaklqana.
   263 | D:2      | Reached XP level 3. HP: 19/29 MP: 3/3
   804 | D:2      | Reached skill level 1 in Slings
   804 | D:2      | Reached XP level 4. HP: 13/35 MP: 4/4
  1358 | D:3      | Noticed Natasha
  1447 | D:3      | Noticed Terence
  1982 | D:3      | Noticed Totori's ghost (amateur HaGl)
  2663 | D:3      | Killed from afar by an orc wizard

Vault maps used:
D:1:      roderic_chinese_lattice_arrival, interstate_on_off
D:2:      lemuel_round_altar, small_statue_intersection
D:3:      led_sif_book, uniq_natasha, uniq_terence, uniq_sigmund

Skill      XL: |  1  2  3  4 |
---------------+-------------+-----
Long Blades    | 2 |  2.0
Dodging        | 1 2 |  2.4
Slings         | 1 2 |  2.3
Fighting       | |  3.0
Armour         | |  2.4
Shields        | |  2.4

Action                   |  1- 3 |  4- 6 || total
-------------------------+-------+-------++-------
Melee: Long sword        |   146 |    49 ||   195
 Fire: Hunting sling     |       |    44 ||    44
  Use: Scroll            |     3 |     3 ||     6
Armor: Scale mail        |    87 |    24 ||   111
Dodge: Dodged            |    70 |    24 ||    94
Block: Shield            |    96 |    37 ||   133
       Rpst.: Long sword |    27 |     9 ||    36

Table legend:
 A = Spawn XP
 B = Non-spawn XP
 C = Spawn XP percentage of total XP
 D = Spawn monster count
 E = Non-spawn monster count
 F = Spawn count percentage of total count
 G = Total turns spent on level
                    A         B        C        D         E        F      G
               +---------+---------+-------+---------+---------+-------+---------
         Total |       0 |     186 |   0.0 |       0 |      59 |   0.0 |  2663
               +---------+---------+-------+---------+---------+-------+---------
           D:1 |       0 |      43 |   0.0 |       0 |      26 |   0.0 |   430
           D:2 |       0 |      83 |   0.0 |       0 |      26 |   0.0 |  1775
           D:3 |       0 |      60 |   0.0 |       0 |       7 |   0.0 |   458
               +---------+---------+-------+---------+---------+-------+---------
